 Dungeon Crawl Stone Soup version 0.31-a0-840-g6d2ecbb638 (webtiles) character file.

Game seed: 3030752143242776887

3968 Ethylacetat the Covert (level 10, 0/62 HPs)
             Began as an Octopode Gladiator on Sept 27, 2023.
             Was an Initiate of Gozag.
             Succumbed to a hornet's poison
             ... on level 8 of the Dungeon.
             The game lasted 00:13:01 (5672 turns).

Ethylacetat the Covert (Octopode Gladiator)         Turns: 5672, Time: 00:13:02

Health: 0/62       AC: 11    Str: 17 (18) XL:     10   Next: 22%
Magic:  12/19      EV: 13    Int:  8 (11) God:    Gozag
Gold:   1067       SH:  0    Dex: 17 (18) Spells: 9/9 levels left

rFire   . . .        s - melded +9 dagger of the Maze {drain, rElec rC+ Int+3}
rCold   . . .        (shield currently unavailable)
rNeg    . . .        a - melded +0 hat
rPois   .            I - amulet of guardian spirit
rElec   .            j - +4 ring of protection
rCorr   .            m - ring of magical power
SInv    .            (no ring)
Will    +....        (no ring)
Stlth   ++++         (no ring)
HPRegen 0.30/turn    (no ring)
MPRegen 0.16/turn    (no ring)
                     (no ring)

%: guardian spirit
@: lethally poisoned (0 -> -10), snake-form, gold aura, attractive, slowed, very
slow
A: constrict, reduced hp, almost no armour, amphibious, 8 rings, large,
(camouflage 1), (gelatinous body 1), (nimble swimmer 1), (tentacles),
(iridescent scales 1), deterioration 1, strong-willed 1
a: Begin Untransformation, Renounce Religion, Potion Petition, Call Merchant,
Bribe Branch


You were on level 8 of the Dungeon.
You worshipped Gozag.
Gozag was most pleased with you.
You were an enormous anaconda.
You visited 2 branches of the dungeon, and saw 9 of its levels.
You also visited: Ossuary.

You collected 1135 gold pieces.
You paid 68 gold pieces to Gozag.

Inventory:

Hand Weapons
 s - the +9 dagger of the Maze (melded) {drain, rElec rC+ Int+3}
   (You found it on level 3 of the Dungeon)

   Int+3:     It affects your intelligence (+3).
   rC+:       It protects you from cold.
   rElec:     It insulates you from electricity.
Missiles
 b - 3 throwing nets
 c - a javelin (quivered)
Armour
 a - a +0 hat (melded)
Jewellery
 j - a +4 ring of protection (left tentacle)
 m - a ring of magical power (right tentacle)
 B - an amulet of regeneration
 G - a ring of wizardry
 I - an amulet of guardian spirit (around neck)
Talismans
 d - a beast talisman
 H - a serpent talisman (active)
Wands
 t - a wand of quicksilver (6)
Scrolls
 e - 4 scrolls of teleportation {unknown}
 f - 13 scrolls of identify {unknown}
 h - 4 scrolls of poison {unknown}
 l - a scroll of immolation {unknown}
 q - a scroll of silence {unknown}
 u - a scroll of brand weapon {unknown}
 w - 2 scrolls of revelation {unknown}
 y - a scroll of amnesia {unknown}
 z - 4 scrolls of fear {unknown}
 C - 2 scrolls of enchant armour {unknown}
 D - 2 scrolls of vulnerability {unknown}
 E - a scroll of noise {unknown}
 F - a scroll of blinking {unknown}
 K - a scroll of enchant weapon {unknown}
Potions
 g - 2 potions of berserk rage {unknown}
 i - 3 potions of attraction
 k - 2 potions of mutation
 n - 2 potions of degeneration
 o - 3 potions of haste
 p - 3 potions of heal wounds
 r - 5 potions of brilliance
 v - 2 potions of resistance {unknown}
 x - 2 potions of might {unknown}
 A - 2 potions of lignification {unknown}
 J - a potion of magic {unknown}
 L - 2 potions of enlightenment {unknown}
 M - 2 potions of invisibility {unknown}
 N - a potion of cancellation {unknown}


   Skills:
 + Level 6.2 Fighting
 - Level 4.5 Short Blades
 - Level 2.0 Throwing
 + Level 6.5 Dodging
 + Level 8.2 Stealth
 + Level 4.5 Unarmed Combat
 * Level 7.6 Shapeshifting


You had 9 spell levels left.
You didn't know any spells.
Your spell library contained the following spells:

 Spells                   Type           Power      Damage    Failure   Level
 Kiss of Death            Conj/Necr      0%         2d5       41%         1
 Sublimation of Blood     Necr           0%         N/A       54%         2
 Confusing Touch          Hex            0%         N/A       78%         3
 Gell's Gravitas          Tloc           0%         N/A       78%         3
 Teleport Other           Tloc           0%         N/A       78%         3
 Dispel Undead            Necr           0%         3d6       99%         4
 Petrify                  Tmut/Erth      0%         N/A       99%         4
 Irradiate                Conj/Tmut      0%         3d11      100%        5
 Dispersal                Tloc           0%         N/A       100%        6


Dungeon Overview and Level Annotations

Branches:
Dungeon (8/15)             Temple (1/1) D:4         Ossuary (visited)
   Lair: D:8-11

Altars:
Cheibriados
Dithmenos
Elyvilon
Fedhas
Gozag
Hepliaklqana
Kikubaaqudgha
Makhleb
Nemelex Xobeh
Okawaru
Qazlal
Ru
Sif Muna
Trog
Uskayaw
Vehumet
Xom
Zin
The Shining One

Shops:
D:6 (   D:8 [([!


Innate Abilities, Weirdness & Mutations

You are an enormous anaconda.
You have a powerful constriction melee attack.
Your maximum health is decreased, since you lack skill for your form.
Your armour is entirely melded.
You are incapable of wielding weapons or throwing items.
You cannot wear most types of armour.
You are amphibious.
You can wear up to eight rings at the same time.
((Your skin changes colour to match your surroundings (Stealth+).))
((Your rubbery body absorbs attacks. (AC +1, EV +1)))
((You are camouflaged when in or above water. (Stealth+)))
((You have tentacles for arms and can constrict up to eight enemies at once.))
((You are partially covered in iridescent scales. (AC +2)))
Your body sometimes deteriorates upon taking damage.
You are strong-willed. (Will+)


Message History

You are more poisoned.
You feel as though you will be slow longer.
The wight hits you with a +0 dagger.
The hornet stings you but does no damage.
You miss the hornet. Your grab misses the hornet.
The hornet is severely wounded.
You feel extremely sick. The wight closely misses you. The hornet stings you.
You feel as though you will be slow longer.
The wight hits you but does no damage. The hornet stings you.
You are lethally poisoned!
You feel as though you will be slow longer.
You closely miss the hornet. Your grab misses the hornet.
The hornet is severely wounded.
* * * LOW HITPOINT WARNING * * *
You feel extremely sick.
The hornet stings you but does no damage.
The wight closely misses you. The hornet barely misses you.
Unknown command.
It was a potion of attraction.
You feel attractive to monsters.
* * * LOW HITPOINT WARNING * * *
You feel extremely sick. The hornet closely misses you.
The wight hits you with a +0 dagger.
* * * LOW HITPOINT WARNING * * *
The hornet stings you but does no damage.
The wight hits you but does no damage.
It was a potion of mutation.
You feel extremely strange.
You feel strong-willed.
You feel yourself wasting away.
Iridescent scales grow over part of your body.
* * * LOW HITPOINT WARNING * * *
You feel very sick. The hornet closely misses you.
The hornet stings you but does no damage.
The wight completely misses you.
It was a potion of degeneration.
There was something very wrong with that liquid.
You feel weakened.
You feel dopey.
You feel clumsy.
You die...
Your body crumbles into a pile of gold.

######.##
........ ........
.. ........
#.#####......#
#.....!......# #
>...#...# ... .#
.........# .. ...
.....#.#S##.#.. .
.......yz#z..#...
.##$.....#$......
##.........#
#####...###
#..... ###...#
..... .?.#.#


You could see a hornet and a wight.

Vanquished Creatures
  Erica (D:8)
  Sigmund (D:3)
  A wyvern (D:7)
  Eustachio (D:6)
  3 water moccasins
  An orc warrior (D:8)
  An ice beast (D:5)
  2 black bears
  An ogre (D:5)
  A centaur (D:5)
  A phantom (D:7)
  A kobold brigand (D:5)
  2 scorpions
  A water moccasin zombie (Ossuary)
  9 wights
  3 killer bees (D:7)
  An electric eel (D:6)
  3 howler monkeys (D:8)
  A bullfrog zombie (Ossuary)
  A centaur zombie (Ossuary)
  A gnoll bouda (D:7)
  2 jellies
  An orc priest (D:5)
  A hound (D:6)
  Jessica (D:3)
  6 iguanas
  Ijyb (D:3)
  3 orc wizards
  2 scorpion zombies (Ossuary)
  A sleepcap (D:6)
  An ogre zombie (Ossuary)
  A mummy (Ossuary)
  Robin (D:3)
  11 gnolls
  12 adders
  2 shadow imps
  A white imp (D:6)
  3 ufetubi
  3 adder zombies (Ossuary)
  A worm (D:5)
  2 dart slugs
  18 orcs
  6 ball pythons
  5 endoplasms
  2 giant cockroaches
  A gnoll zombie (Ossuary)
  9 goblins
  14 hobgoblins
  7 jackals (D:1)
  11 kobolds
  A quokka (D:2)
  A bat (D:3)
  2 frilled lizards
  4 goblin zombies (Ossuary)
  3 hobgoblin zombies (Ossuary)
  3 orc zombies (Ossuary)
  4 rats
184 creatures vanquished.

Vanquished Creatures (others)
  An orc wizard (D:8)
1 creature vanquished.

Grand Total: 185 creatures vanquished

Notes
Turn   | Place    | Note
-------+----------+-------------------------------------------
     0 | D:1      | Ethylacetat the Octopode Gladiator began the quest for the
                  | Orb.
     0 | D:1      | Reached XP level 1. HP: 14/14 MP: 1/1
   131 | D:1      | Reached XP level 2. HP: 19/19 MP: 2/2
   158 | D:1      | Reached skill level 1 in Stealth
   503 | D:1      | Reached XP level 3. HP: 24/24 MP: 3/3
   814 | D:2      | Reached skill level 1 in Shapeshifting
   990 | D:2      | You fall into a shaft and drop 1 floor!
  1034 | D:2      | Reached skill level 2 in Stealth
  1034 | D:2      | Reached XP level 4. HP: 27/30 MP: 4/4
  1367 | D:3      | Noticed Jessica
  1370 | D:3      | Killed Jessica
  1428 | D:3      | Reached XP level 5. HP: 35/35 MP: 5/5
  1616 | D:3      | Noticed Robin
  1617 | D:3      | Noticed Ijyb
  1666 | D:3      | Killed Robin
  1686 | D:3      | Identified the +9 dagger of the Maze {drain, rElec rC+
                  | Int+3}
  1712 | D:3      | Killed Ijyb
  1887 | D:3      | Found a radiant altar of Vehumet.
  1899 | D:3      | Noticed Sigmund
  1907 | D:3      | Killed Sigmund
  1908 | D:3      | Reached skill level 1 in Short Blades
  1908 | D:3      | Reached skill level 3 in Stealth
  1908 | D:3      | Reached XP level 6. HP: 34/42 MP: 6/6
  2106 | D:4      | Found a staircase to the Ecumenical Temple.
  2130 | Temple   | Entered the Ecumenical Temple
  2137 | Temple   | Became a worshipper of Gozag Ym Sagoz the Greedy
  2439 | D:4      | Reached XP level 7. HP: 46/46 MP: 7/7
  2562 | D:5      | Entered Level 5 of the Dungeon
  2581 | D:5      | Reached skill level 4 in Stealth
  3012 | D:5      | Reached XP level 8. HP: 54/54 MP: 8/8
  3064 | D:5      | Reached skill level 5 in Stealth
  3249 | D:5      | Found a glowing golden altar of the Shining One.
  3336 | D:5      | Found a sacrificial altar of Ru.
  3415 | D:6      | Noticed Eustachio
  3419 | D:6      | Killed Eustachio
  3420 | D:6      | Reached skill level 5 in Dodging
  3427 | D:6      | Reached skill level 5 in Shapeshifting
  3559 | D:6      | Found Niuhy's Antique Weapon Shoppe.
  3623 | D:6      | Found an iron altar of Okawaru.
  3804 | D:6      | Reached skill level 6 in Stealth
  4066 | D:7      | Reached XP level 9. HP: 60/60 MP: 9/9
  4069 | D:7      | Reached skill level 5 in Fighting
  4250 | D:7      | Found a shimmering altar of Xom.
  4251 | D:7      | Found a hazy altar of Hepliaklqana.
  4251 | D:7      | Noticed a tentacled monstrosity
  4252 | D:7      | Noticed a spectral ugly thing
  4252 | D:7      | Noticed a tentacled monstrosity
  4449 | D:7      | Reached skill level 7 in Stealth
  4884 | D:8      | Found Uplytoq's Distillery.
  4887 | D:8      | Found Agut's Armour Emporium.
  4918 | D:8      | Found Sina's Antique Armour Shoppe.
  5178 | D:8      | Found a sand-covered staircase.
  5185 | Ossuary  | Entered an ossuary
  5413 | Ossuary  | Noticed a silent spectre
  5495 | D:8      | Found Forug's Antique Weapon Shoppe.
  5497 | D:8      | Noticed Erica
  5532 | D:8      | Killed Erica
  5533 | D:8      | Reached skill level 8 in Stealth
  5533 | D:8      | Reached XP level 10. HP: 40/68 MP: 4/10
  5666 | D:8      | Paralysed by a hornet for 1 turns
  5671 | D:8      | Gained mutation: You are strong-willed. (Will+) [potion of
                  | mutation]
  5671 | D:8      | Gained mutation: Your body sometimes deteriorates upon
                  | taking damage. [potion of mutation]
  5671 | D:8      | Gained mutation: You are partially covered in iridescent
                  | scales. (AC +2) [potion of mutation]
  5671 | D:8      | HP: 2/62 [poisoned by a hornet]
  5672 | D:8      | Succumbed to a hornet's poison

Illustrated notes

Levels and vault maps discovered:
D:1:      minmay_arrival_arboretum_small, layout_basic
D:2:      layout_rooms, chequers_mini_garden
D:3:      layout_loops_cross, mainiacjoe_overflow_catwalk, nicolae_goblin_pals,
          uniq_sigmund, uniq_jessica
D:4:      layout_gridville, minmay_temple_entry_glass, serial_glass,
          glass_columns_a, glass_columns_a, glass_columns_a, glass_columns_b,
          glass_columns_b, glass_columns_a, grunt_decor_arrowhead
D:5:      layout_basic, hangedman_feature_mirror, serial_park_tiny_1
D:6:      cheibrodos_helix_gallery, layout_rooms, okawaru_ov_weapons_minmay,
          serial_shops, nicolae_take_the_stairs, uniq_eustachio
D:7:      layout_cave_pods, regret_index_temple_of_mockery
D:8:      layout_gridville, serial_shops, shop, nicolae_shop_just_a_little_nook,
          nicolae_diamond_shop, nicolae_inconvenience_store, shop,
          chequers_ossuary_entry_cave, hangedman_decor_lopped,
          chequers_big_river, uniq_grum, uniq_erica
Temple:   nicolae_temple_superstar

Skill      XL: |  1  2  3  4  5  6  7  8  9 |
---------------+----------------------------+-----
Stealth        | 1 2 3 4 6 8 |  8.2
Shapeshifting  | 1 3 4 5 7 |  7.6
Fighting       | 3 4 6 |  6.2
Short Blades   | 1 2 3 4 |  4.5
Dodging        | 4 5 6 |  6.5
Unarmed Combat | 4 |  4.5
Throwing       | |  2.0

Action                     |  1- 3 |  4- 6 |  7- 9 | 10-12 || total
---------------------------+-------+-------+-------+-------++-------
  Melee: Unarmed           |    70 |    32 |   107 |    20 ||   229
         Tentacles         |    14 |    16 |    21 |       ||    51
         Constrict         |    16 |    17 |    39 |     7 ||    79
         Punch             |     4 |     1 |     2 |       ||     7
         Dagger            |       |    42 |    99 |       ||   141
  Throw: Javelin           |       |     1 |       |       ||     1
  Evoke: Wand              |       |       |     4 |       ||     4
    Use: Potion            |       |       |     3 |     3 ||     6
   Stab: Sleeping          |    10 |    13 |    22 |       ||    45
         Distracted        |       |       |     3 |       ||     3
 Armour: Skin              |    26 |    27 |   111 |    22 ||   186
  Dodge: Dodged            |    36 |    29 |   102 |    13 ||   180
   Form: Beast             |     1 |       |       |       ||     1
         Anaconda          |       |       |     1 |       ||     1

Table legend: (Time is in decaauts)
 A = Elapsed time spent in this place.
 B = Non-inter-level travel time spent in this place.
 C = Inter-level travel time spent in this place.
 D = Time resting spent in this place.
 E = Time spent auto-exploring this place.
 F = Levels seen in this place.
 G = Mean time per level.
                   A        B        C        D        E       F      G
               +--------+--------+--------+--------+--------+-----+--------+
         Total |   5625 |   5493 |    132 |     42 |   4156 |  10 |  562.5 |
       Dungeon |   5334 |   5202 |    132 |     42 |   4042 |   8 |  666.8 |
        Temple |     14 |     14 |      0 |      0 |      0 |   1 |   14.0 |
       Ossuary |    276 |    276 |      0 |      0 |    114 |   1 |  276.0 |
               +--------+--------+--------+--------+--------+-----+--------+

Top non-repeatable levels by time:
     D:7: 886 daAuts
     D:5: 848 daAuts
     D:1: 806 daAuts
     D:3: 690 daAuts
     D:4: 569 daAuts
     D:6: 547 daAuts
     D:8: 514 daAuts
     D:2: 471 daAuts
 Ossuary: 276 daAuts
  Temple: 14 daAuts
